Map: Disco Bloodbath LE

Players

RapidFire

  • Race: Zerg Zerg
  • Spawn Location: 9:00

pHARM - Winner!

  • Race: Zerg Zerg
  • League: Platinum
  • Spawn Location: 3:00

VOD

Have the link to the VOD?

Description

Time

  • Played on: Oct. 6, 2019, 12:16 a.m.
  • Length: 7:41
Show
View Real Time Build Order
Export as new Build Order

RapidFire Zerg 

Build Orders: Hatch First 

Get SALT Encoding   

  12  0:01  Drone  
  13  0:14  Overlord  
  13  0:24  Drone  
  14  0:41  Drone x2  
  16  0:44  Drone  
  17  0:57  Drone  
  18  1:01  Extractor  
  18  1:02  Hatchery  
  16  1:05  Drone  
  17  1:18  Spawning Pool  
  16  1:31  Drone x2  
  18  1:39  Drone  
  19  1:48  Overlord  
  19  2:04  Queen  
  19  2:06  Zergling x2  
  22  2:11  Zergling x2  
  22  2:14  Queen  
  25  2:19  Baneling Nest  
  25  2:22  Metabolic Boost  
  24  2:26  Drone x2  
  26  2:56  Drone x5  
  26  2:57  Drone  
  32  3:12  Drone x2  
  34  3:17  Drone x2  
  36  3:25  Hatchery  
  35  3:38  Drone  
  36  3:41  Overlord  
  36  3:42  Overlord, Roach Warren  
  35  3:52  Overlord  
  35  3:59  Queen  
  37  4:03  Drone x2, Extractor  
  37  4:04  Drone x3  
  37  4:08  Extractor x2  
  39  4:30  Pneumatized Carapace  
  39  4:37  Zergling x6  
  39  4:38  Zergling x2  
  43  4:40  Zergling x14  
  43  4:45  Queen  
  52  4:57  Baneling x4  
  52  5:10  Drone  
  52  5:11  Drone x12  
  65  5:19  Lair  
  51  5:56  Zergling x2  
  52  5:57  Zergling x24  
  63  6:11  Baneling x4  
  63  6:12  Overlord x2  
  63  6:24  Drone x2  
  65  6:26  Overlord x4  
  61  7:16  Roach  
  61  7:17  Overlord  
  63  7:23  Drone x6  
  63  7:26  Drone x3  
  63  7:27  Drone x3  
Show
View Real Time Build Order
Export as new Build Order

pHARM Zerg - Winner!

Build Orders: Hatch First 

Get SALT Encoding   

  12  0:01  Drone  
  13  0:15  Overlord  
  13  0:18  Drone  
  14  0:34  Drone x2  
  16  0:49  Hatchery  
  15  0:54  Drone  
  16  0:57  Drone  
  17  1:12  Spawning Pool  
  17  1:13  Drone  
  17  1:17  Drone  
  18  1:30  Drone  
  19  1:37  Extractor  
  18  1:42  Drone  
  18  1:43  Drone  
  20  2:07  Drone x3, Queen  
  20  2:08  Queen  
  27  2:14  Overlord  
  27  2:22  Drone  
  28  2:33  Drone x2  
  28  2:36  Overlord  
  30  2:43  Spine Crawler  
  29  2:47  Zergling x6  
  32  2:59  Zergling x4  
  34  3:09  Drone x2  
  36  3:20  Metabolic Boost  
  36  3:28  Baneling Nest  
  36  3:30  Evolution Chamber  
  36  3:33  Roach Warren  
  36  3:34  Queen  
  38  3:41  Drone x7  
  42  3:52  Drone x2  
  44  3:59  Lair  
  44  4:02  Overlord  
  44  4:03  Overlord x2  
  44  4:19  Zerg Missile Weapons Level 1  
  44  4:21  Drone x3  
  44  4:22  Drone x5  
  52  4:26  Extractor x2  
  50  4:49  Drone x2  
  52  4:57  Drone  
  53  5:04  Baneling  
  53  5:05  Baneling x8  
  53  5:20  Roach x5  
  63  5:31  Hatchery  
  58  5:43  Roach x5  
  68  5:51  Glial Reconstitution  
  68  6:09  Overlord x3  
  68  6:30  Baneling  
  68  6:40  Roach x5  
  68  6:41  Roach x2  
  67  7:19  Roach x9  
Tags
 
League
Platinum
Matchup
ZvZ
Race
Zerg
Replay Pack
10.7.19
Spawn Locations
Cross Positions
Add a new tag
Caveats
  • Supply blocks, unpowered buildings, or Contaminate may cause inaccurate times.
  • Supply counts are checked every 10 seconds.